 Dungeon Crawl Stone Soup version 0.19-a0-1170-g18f0c96 (webtiles) character file.

32 jacquesderrida the Cudgeler (level 3, 0/30 HPs)
             Began as a Minotaur Warper on Aug 17, 2016.
             Killed by nerve-wracking pain
             ... invoked by Jessica
              (10 damage)
             ... on level 2 of the Dungeon.
             The game lasted 00:01:07 (418 turns).

jacquesderrida the Cudgeler (Minotaur Warper)        Turns: 418, Time: 00:01:07

Health: 0/30       AC:  3    Str: 15    XL:     3   Next: 8%
Magic:  4/4        EV: 12    Int: 10    God:
Gold:   62         SH:  0    Dex: 10    Spells: 1 memorised, 3 levels left

rFire  . . .     SeeInvis .     a - +0 mace
rCold  . . .     Gourm    .     b - +0 leather armour
rNeg   . . .     Faith    .     (no shield)
rPois  .         Spirit   .     (helmet restricted)
rElec  .         Dismiss  .     (no cloak)
rCorr  .         Reflect  .     (no gloves)
MR     .....     Harm     .     (no boots)
Stlth  +.........               (no amulet)
                                (no ring)
                                (no ring)

@: no status effects
A: retaliatory headbutt, horns 2
a: no special abilities


You were on level 2 of the Dungeon.
You were not hungry.

You visited 1 branch of the dungeon, and saw 2 of its levels.

You collected 62 gold pieces.

Inventory:

Hand Weapons
 a - a +0 mace (weapon)
Missiles
 e - 5 tomahawks of dispersal (quivered)
Armour
 b - a +0 leather armour (worn)
Wands
 l - a wand of random effects (5/48)
Scrolls
 d - a scroll of blinking
 g - 2 scrolls of identify {unknown}
 j - a scroll of immolation {unknown}
 k - a scroll of remove curse {unknown}
 m - a scroll of enchant weapon {unknown}
Potions
 n - a potion of lignification {unknown}
Books
 c - a book of Spatial Translocations

   Spells                             Type                      Level
   a - Apportation                    Translocation                1
   b - Blink                          Translocation                2
   c - Shroud of Golubria             Charms/Translocation         2
   d - Portal Projectile              Translocation                3
   e - Teleport Other                 Translocation                3
   f - Passage of Golubria            Translocation                4
Comestibles
 f - a bread ration
 h - a royal jelly
 i - 2 meat rations


   Skills:
 - Level 2.4 Fighting
 + Level 4.3 Maces & Flails
 - Level 1.0 Throwing
 - Level 1.2 Armour
 - Level 2.1 Dodging
 - Level 1.3 Spellcasting
 - Level 2.1 Translocations


You had 3 spell levels left.
You knew the following spells:

 Your Spells              Type           Power        Failure   Level  Hunger
a - Apportation           Tloc           #.........   17%         1    ##.....


Dungeon Overview and Level Annotations

Branches:
Dungeon (2/15)

Altars:
Cheibriados
Pakellas

Annotations:
D:2 Jessica


Innate Abilities, Weirdness & Mutations

You reflexively headbutt those who attack you in melee.
You have a pair of horns on your head.


Message History

Evoking this partially-identified wand wasted a few charges.
There is an oddly glowing altar of Pakellas here.
A goblin comes into view. It is wielding a club.
The goblin shouts!
You see here 18 gold pieces.
You now have 62 gold pieces (gained 18).
You are too injured to fight recklessly!
You are too injured to fight recklessly!
You are too injured to fight recklessly!
Found 18 stones.
A goblin comes into view. It is wielding a dagger.
You sock the goblin!
You kill the goblin!
Jessica the Apprentice Sorceress comes into view.
She is wielding a dagger.
You see here a club.
A bat comes into view.
Jessica shouts!
Jessica gestures at you while chanting. Pain shoots through your body!
You die...

#.........#...
..##.#...##.####
#.##.#...## # .
#......#..# ..
#.#.#####.#
#.######...#.....# .
.........#.###.#
...@#.#.....#.###.##
.......@)...#.##...#####
...b....(.#......_......
....#.##..#.####)g.##.#.
... #.....### ##.## # .
.....## #.# .#.#### #..
..## #.## #. ... ..#


You could see Jessica and a bat.

Vanquished Creatures
  An adder (D:2)
  A dart slug (D:1)
  A giant gecko (D:1)
  A bat (D:1)
  3 goblins
  4 hobgoblins
  A kobold (D:2)
  4 giant newts
  4 rats (D:1)
20 creatures vanquished.

Notes
Turn   | Place    | Note
-------+----------+-------------------------------------------
     0 | D:1      | jacquesderrida the Minotaur Warper began the quest for the Orb.
     0 | D:1      | Reached XP level 1. HP: 18/18 MP: 1/1
    83 | D:1      | Reached skill level 3 in Maces & Flails
   101 | D:1      | Reached XP level 2. HP: 15/25 MP: 3/3
   236 | D:1      | Found a snail-covered altar of Cheibriados.
   367 | D:2      | Reached skill level 4 in Maces & Flails
   394 | D:2      | Found an oddly glowing altar of Pakellas.
   405 | D:2      | Reached XP level 3. HP: 8/30 MP: 4/4
   417 | D:2      | Noticed Jessica
   418 | D:2      | Killed from afar by Jessica

Vault maps used:
D:1:      minmay_arrival_three_doors, cheibriados_altar_1
D:2:      nicolae_overflow_crystal_walls, first_bread, uniq_jessica,
          uniq_terence

Skill      XL: |  1  2 |
---------------+-------+-----
Maces & Flails | 3 4 |  4.3
Fighting       | |  2.4
Throwing       | |  1.0
Armour         | |  1.2
Dodging        | |  2.1
Spellcasting   | |  1.3
Translocations | |  2.1

Action                   || total
-------------------------++-------
Melee: Mace              ||    43
       Headbutt          ||     4
Evoke: Wand              ||     5
Armor: Leather armour    ||    11
Dodge: Dodged            ||    22
